 Dungeon Crawl Stone Soup version 0.31.0-12-g77e489cdc1 (webtiles) character file.

Game seed: 345614970767620579

3911 Gadfly the Covered (level 10, -1/81 HPs)
             Began as an Armataur Fighter on Feb 29, 2024.
             Was an Initiate of the Shining One.
             Slain by a sixfirhy (3 damage)
             ... summoned by a kobold demonologist
             ... in a bailey.
             The game lasted 00:13:58 (6747 turns).

Gadfly the Covered (Armataur Fighter)               Turns: 6747, Time: 00:13:58

Health: -1/81      AC: 20    Str: 33    XL:     10   Next: 1%
Magic:  0/15       EV:  6    Int:  9    God:    the Shining One [......]
Gold:   175        SH:  5    Dex: 12    Spells: 7/9 levels left

rFire   . . .        a - +7 flail of Cocytus {protect, Str+4}
rCold   . . .        c - +0 buckler
rNeg    . . .        g - +1 plate armour
rPois   .            (no helmet)
rElec   .            t - +0 cloak
rCorr   .            (no gloves)
SInv    +            (no barding)
Will    .....        y - amulet of guardian spirit Stlth
                     b - ring of see invisible
HPRegen 0.33/turn    e - +6 ring of strength
MPRegen 0.14/turn

%: guardian spirit, roll
@: mighty, under a protective aura, glowing
A: large, deformed body, tough skin 3, armoured tail, roll 2
a: Renounce Religion


You were in a bailey.
You worshipped the Shining One.
The Shining One was noncommittal.
You visited 2 branches of the dungeon, and saw 8 of its levels.
You also visited: Bailey.

You collected 398 gold pieces.
You spent 210 gold pieces at shops.
You donated 13 gold pieces to Zin.

Inventory:

Hand Weapons
 a - the +7 flail of Cocytus (weapon) {protect, Str+4}
   (You found it on level 3 of the Dungeon)

   Str+4:     It affects your strength (+4).
 j - a +1 flail
Armour
 c - a +0 buckler (worn)
 g - a +1 plate armour (worn)
 t - a +0 cloak (worn)
Jewellery
 b - a ring of see invisible (left hand)
 e - a +6 ring of strength (right hand)
 y - an amulet of guardian spirit (around neck)
Wands
 p - a wand of flame (35) (quivered)
 r - a wand of polymorph (18)
 v - a wand of digging (9)
Scrolls
 h - 2 scrolls of fear
 k - 2 scrolls of brand weapon
 l - a scroll of acquirement
 q - 3 scrolls of fog
 s - a scroll of teleportation
 w - 2 scrolls of identify
Potions
 f - a potion of enlightenment
 i - 3 potions of curing
 m - a potion of mutation
 n - a potion of haste
 o - a potion of attraction


   Skills:
 + Level 5.2 Fighting
 * Level 6.4 Maces & Flails
 + Level 6.8 Armour
 + Level 6.2 Shields
 * Level 6.6 Invocations
 * Level 6.6 Evocations


You had 7 spell levels left.
You knew the following spells:

 Your Spells              Type           Power      Damage    Failure   Level
a - Blink                 Tloc           0%         N/A       99%         2

Your spell library contained the following spells:

 Spells                   Type           Power      Damage    Failure   Level
 Lesser Beckoning         Tloc           0%         N/A       99%         2
 Momentum Strike          Conj/Tloc      0%         3d8       99%         2
 Haunt                    Necr/Summ      0%         N/A       100%        7
 Borgnjor's Revivificati  Necr           0%         N/A       100%        8
 Death's Door             Necr           0%         N/A       100%        9


Dungeon Overview and Level Annotations

Branches:
Dungeon (7/15)             Temple (1/1) D:7          Bailey (1/1)

Altars:
Ashenzari
Dithmenos
Elyvilon
Fedhas
Gozag
Hepliaklqana
Kikubaaqudgha
Makhleb
Nemelex Xobeh
Okawaru
Qazlal
Ru
Sif Muna
Trog
Uskayaw
Vehumet
Xom
Yredelemnul
Zin
The Shining One

Shops:
D:2 (   D:6 *


Innate Abilities, Weirdness & Mutations

Armour fits poorly on your strangely shaped body.
You have extremely tough skin. (AC +3)
You have a long armoured tail.
You regenerate magic and health when rolling toward enemies. (Rampage Regen)


Message History

The sixfirhy hits you. The sixfirhy shocks you!
The sixfirhy closely misses you. The sixfirhy hits you!
The sixfirhy shocks you!
* * * LOW HITPOINT WARNING * * *
The sixfirhy closely misses you.
You feel much better.
The sixfirhy hits you but does no damage. x2
The white imp shouts, "Away with thee, thou simpering shard-borne wastrel!"
You feel very mighty all of a sudden.
You barely miss the sixfirhy. The sixfirhy hits you. The sixfirhy shocks you!
You sock the sixfirhy!
Your weapon exudes an aura of protection.
The sixfirhy is moderately wounded.
The sixfirhy barely misses you.
The sixfirhy hits you but does no damage.
You block the sixfirhy's attack.
The sixfirhy hits you but does no damage.
The kobold demonologist looks satisfied for a moment.
The sixfirhy hits you but does no damage.
You sock the sixfirhy!
The sixfirhy is severely wounded.
The sixfirhy hits you but does no damage. x2
You barely miss the sixfirhy.
The sixfirhy is severely wounded.
You completely miss the sixfirhy.
Your tail-slap misses the sixfirhy.
The sixfirhy is severely wounded.
The kobold demonologist mumbles some strange words.
The sixfirhy hits you but does no damage.
You closely miss the sixfirhy.
The sixfirhy is heavily wounded.
The iron imp disappears in a puff of smoke!
The sixfirhy hits you but does no damage.
The sixfirhy hits you! The sixfirhy shocks you!
* * * LOW HITPOINT WARNING * * *
The sixfirhy hits you.
* * * LOW HITPOINT WARNING * * *
The sixfirhy shocks you!
* * * LOW HITPOINT WARNING * * *
The sixfirhy hits you.
You die...

'))⌠..##.._.'.5..g...∩~≈≈≈≈≈#
'.....##...K#..8.8..#.~≈≈≈≈≈#
#.....##... #########)5≈≈≈≈≈#
#''#####.. #..#g)≈≈≈≈≈#
#......#. #..#.K≈≈≈≈≈#
#....).# +..#.~5≈≈≈≈#
####.).##############.#≈≈≈≈≈#
...#.8.8.8.).....#K55.#≈≈≈≈≈#
...#......)#....@3o§..#≈≈≈≈≈#
#.)###############g)#'#≈≈≈≈≈#
#.)'.............'..#.#≈≈≈≈≈#
####~~~~~~~~~~~~~######≈≈≈≈≈#
≈≈≈≈≈≈≈≈≈≈≈≈≈≈≈≈≈≈≈≈≈≈≈≈
≈≈≈≈≈≈≈≈≈≈≈≈≈≈≈≈≈≈≈≈≈≈≈≈
≈≈≈≈≈≈≈≈≈≈≈≈≈≈≈≈≈≈≈≈≈≈≈≈
≈≈≈≈≈≈≈≈≈≈≈≈≈≈≈≈≈≈≈≈≈≈≈≈
≈≈≈≈≈≈≈≈≈≈≈≈≈≈≈≈≈≈≈≈≈≈≈≈


You could see a kobold demonologist, a sixfirhy (summoned), an orc warrior, a
quasit (summoned), a gnoll and a white imp (summoned).

Vanquished Creatures
  A kobold demonologist (Bailey)
  A wyvern (D:4)
  Eustachio (D:4)
  Menkaure (D:6)
  Edmund (D:4)
  A black bear (D:5)
  9 orc warriors (Bailey)
  A sky beast (D:4)
  An ogre (D:6)
  2 centaurs
  A kobold brigand (D:4)
  Blork the orc (D:5)
  A scorpion (D:7)
  4 wights (D:7)
  3 electric eels (Bailey)
  6 hounds
  2 orc priests
  5 bombardier beetles
  A gnoll bouda (D:4)
  Crazy Yiuf (D:5)
  Ijyb (D:3)
  A sleepcap (D:3)
  Jessica (D:3)
  8 iguanas
  Terence (D:2)
  10 orc wizards
  9 gnolls
  6 adders
  2 shadow imps (D:6)
  A white imp (D:5)
  A dart slug (D:4)
  4 ribbon worms
  24 orcs
  4 bats
  11 endoplasms
  4 giant cockroaches
  18 goblins
  11 hobgoblins
  6 jackals (D:1)
  8 kobolds
  4 quokkas
  12 ball pythons
  4 frilled lizards
  6 rats
201 creatures vanquished.

Notes
Turn   | Place    | Note
-------+----------+-------------------------------------------
     0 | D:1      | Gadfly the Armataur Fighter began the quest for the Orb.
     0 | D:1      | Reached XP level 1. HP: 18/18 MP: 1/1
    39 | D:1      | Reached XP level 2. HP: 19/25 MP: 2/2
   304 | D:1      | Reached skill level 1 in Invocations
   304 | D:1      | Reached skill level 1 in Evocations
   350 | D:1      | Reached XP level 3. HP: 26/30 MP: 3/3
   801 | D:2      | Found Bejaog's Weapon Shop.
   849 | D:2      | Found a faded altar of an unknown god.
  1056 | D:2      | Noticed Terence
  1063 | D:2      | Killed Terence
  1064 | D:2      | Reached XP level 4. HP: 7/37 MP: 5/5
  1468 | D:3      | Identified the +7 flail of Cocytus {protect, Str+4}
  1522 | D:3      | Reached XP level 5. HP: 45/45 MP: 6/6
  1602 | D:3      | Noticed Jessica
  1606 | D:3      | Killed Jessica
  1610 | D:3      | Noticed Ijyb
  1615 | D:3      | Killed Ijyb
  1871 | D:3      | Learned a level 2 spell: Blink
  2004 | D:4      | Reached XP level 6. HP: 14/51 MP: 6/8
  2192 | D:4      | Found an iron altar of Okawaru.
  2192 | D:4      | Found a runed translucent door.
  2231 | D:4      | Found the +0 toga "Victory" {*Victory Clar}
  2297 | D:4      | Noticed Eustachio
  2303 | D:4      | Killed Eustachio
  2304 | D:4      | Gained mutation: You regenerate magic and health when
                  | rolling toward enemies. (Rampage Regen) [Armataur growth]
  2304 | D:4      | Reached XP level 7. HP: 57/57 MP: 9/9
  2357 | D:4      | Noticed Edmund
  2364 | D:4      | Killed Edmund
  2421 | D:4      | Found a transporter.
  2428 | D:4      | Found a transporter.
  2428 | D:4      | Noticed a wyvern
  2515 | D:4      | Found an opulent altar of Gozag.
  2515 | D:4      | Found a hazy altar of Hepliaklqana.
  2790 | D:4      | Reached skill level 5 in Armour
  3010 | D:5      | Entered Level 5 of the Dungeon
  3107 | D:5      | Noticed Blork the orc
  3114 | D:5      | Killed Blork the orc
  3115 | D:5      | Reached XP level 8. HP: 64/66 MP: 11/11
  3235 | D:5      | Identified the +1 robe of Naggax {rElec}
  3276 | D:5      | Found a blossoming altar of Fedhas.
  3632 | D:5      | Reached skill level 5 in Shields
  3841 | D:5      | Found a runed translucent door.
  3842 | D:5      | Noticed Crazy Yiuf
  3985 | D:5      | Killed Crazy Yiuf
  4093 | D:6      | Found a radiant altar of Vehumet.
  4163 | D:6      | Found Dcron's Desiderata Depot.
  4170 | D:6      | Bought a wand of digging (5) for 210 gold pieces
  4742 | D:4      | Reached skill level 5 in Maces & Flails
  4742 | D:4      | Reached skill level 5 in Invocations
  4742 | D:4      | Reached skill level 5 in Evocations
  5267 | D:6      | Found an ancient bone altar of Kikubaaqudgha.
  5267 | D:6      | Found a glowing silver altar of Zin.
  5347 | D:6      | Became a worshipper of Zin the Law-Giver
  5347 | D:6      | Reached * piety under Zin
  5494 | D:6      | Reached XP level 9. HP: 68/72 MP: 10/13
  5556 | D:6      | Noticed Menkaure
  5571 | D:6      | Killed Menkaure
  5934 | D:7      | Found a staircase to the Ecumenical Temple.
  5941 | Temple   | Entered the Ecumenical Temple
  5954 | Temple   | Fell from the grace of Zin
  5954 | Temple   | Became a worshipper of the Shining One
  6105 | D:7      | Found a flagged portal.
  6114 | Bailey   | Entered a bailey
  6396 | Bailey   | Reached skill level 5 in Fighting
  6444 | Bailey   | Noticed a kobold demonologist
  6449 | Bailey   | Noticed a hellwing
  6454 | Bailey   | Killed a kobold demonologist
  6645 | Bailey   | Reached XP level 10. HP: 77/81 MP: 12/15
  6707 | Bailey   | Found an iron altar of Okawaru.
  6729 | Bailey   | Noticed a sixfirhy
  6747 | Bailey   | HP: 2/81 [sixfirhy[a kobold demonologist] (10)]
  6747 | Bailey   | Slain by a sixfirhy

Illustrated notes

Levels and vault maps discovered:
D:1:      lemuel_arrival_behind_the_door_small, layout_loops_ring, serial_glass,
          glass_columns_a, glass_columns_c, due_unseen_surprise, st_stairs_4
D:2:      layout_loops_ring, ebering_ecumenical_altar_hall, serial_shops,
          nicolae_shop_temple_entry_statues_fountains, uniq_terence
D:3:      layout_basic, uniq_ijyb, uniq_jessica
D:4:      layout_basic, gammafunk_temple_overflow_arena,
          nicolae_overflow_guarded_unrand_okawaru_victory, st_stairs_5,
          uniq_eustachio, uniq_edmund
D:5:      layout_basic, fedhas_altar_3, serial_bayou_ford_a, minmay_puff,
          uniq_blork_the_orc, uniq_crazy_yiuf_cottage
D:6:      layout_loops_ring, gammafunk_temple_overflow_statue,
          lemuel_round_altar, nicolae_alphabet_shops, uniq_menkaure
D:7:      layout_basic, minmay_temple_entry_stoned_glass, enter_bailey_8,
          grunt_ministairs_11, uniq_jeremiah
Temple:   compressed_dpeg_triangle_lava_temple
Bailey:   bailey_axe_of_yendor_kennysheep, bailey

Skill      XL: |  1  2  3  4  5  6  7  8  9 |
---------------+----------------------------+-----
Maces & Flails | 2 3 4 5 6 |  6.4
Invocations    | 1 2 3 4 5 6 |  6.6
Evocations     | 1 2 3 4 5 6 |  6.6
Armour         | 4 5 6 |  6.8
Fighting       | 3 4 5 |  5.2
Shields        | 4 5 6 |  6.2

Action                     |  1- 3 |  4- 6 |  7- 9 | 10-12 || total
---------------------------+-------+-------+-------+-------++-------
  Melee: Flail             |   108 |   117 |   301 |    20 ||   546
         Tailslap          |    12 |     9 |    41 |     3 ||    65
  Evoke: Wand              |       |       |     5 |     1 ||     6
    Use: Scroll            |     2 |     6 |    10 |       ||    18
         Potion            |       |       |     2 |     2 ||     4
 Armour: Scale mail        |    42 |       |       |       ||    42
         Plate armour      |    48 |   107 |   325 |    37 ||   517
  Dodge: Dodged            |    26 |    23 |    92 |    11 ||   152
  Block: Buckler           |    19 |    26 |    81 |     6 ||   132
